Description

The Build order can be used on any ladder rank, you're able to easily defend pressure as well do pressure yourself with the amount of reapers you'll be making.

The goal is to have an easy time in the early game!

VOD

https://youtu.be/kLQPlQG-ELc

Build Order

Get SALT Encoding   

  15  0:20  Supply Depot  
  16  0:40  Barracks  
  16  0:41  Refinery  
  17  0:58  Barracks  
  18  1:09  Refinery  
  20  1:39  Supply Depot  
  22  1:40  Reaper x2  
  24  2:05  Factory  
  28  2:45  Command Center  
  31  3:00  Hellion  
  35  3:15  Supply Depot  
  35  3:20  Starport  
  38  4:00  Starport Tech Lab  
  38  4:20  Factory Tech Lab  
  38  4:23  Raven  Start another one, when this one is finished.
  44  4:30  Refinery x2  
  58  4:45  Command Center  
  45  5:25  Barracks  Swap this with your Starport Tech, after 2 Raven is built.
  65  5:40  Supply Depot  
  67  5:50  Barracks  
  70  6:00  Viking  
Spawning Tool Build Advisor. Get it on Overwolf

Go to:

Details

  • Created by: PrestigeTV
  • Published on: Oct 30, 2022
  • Modified on: Oct 31, 2022
  • Patch: 4.11.0
  • Difficulty: Medium
Show
View Real Time Build Order
Export as new Build Order

Comments (0)

There are no comments. Be the first!

Create an account to comment!